 Dungeon Crawl Stone Soup version 0.26-a0-980-g0fe3eaa9ac (webtiles) character file.

Game seed: 65231019689606405

19070 xzight the Grappler (level 12, -5/107 HPs)
             Began as a Ghoul Gladiator on Dec 5, 2020.
             Was a High Priest of Okawaru.
             Killed from afar by a frost giant (13 damage)
             ... with a bolt of cold
             ... in an ice cave.
             The game lasted 00:58:48 (12539 turns).

xzight the Grappler (Ghoul Gladiator)              Turns: 12539, Time: 00:58:49

Health: -5/107     AC: 16    Str: 28    XL:     12   Next: 65%
Magic:  11/11      EV:  5    Int:  6    God:    Okawaru [*****.]
Gold:   542        SH: 22    Dex:  7    Spells: 11/11 levels left

rFire    . . .     SeeInvis .     - Unarmed
rCold    + + .     Faith    .   p - +0 tower shield
rNeg     + + +     Spirit   .   z - +0 plate armour of Parlour Games {rElec Slay+2 Stlth+} (curse)
rPois    ∞         Reflect  +   F - +1 helmet "Zaokai Fuhi" {rElec Int+2 Dex-3}
rElec    +         Harm     .   K - +2 cloak
rCorr    .         Rampage  .   V - +0 pair of gloves
MR       .....                  (no boots)
Stlth    ..........             U - amulet of reflection
HPRegen  0.00/turn              s - +6 ring of strength
MPRegen  0.12/turn              C - ring of protection from cold {=R}

@: no status effects
A: rotting body, claws 1, cold resistance 1, negative energy resistance 3,
inhibited regeneration, torment resistance, unbreathing
a: Heroism, Finesse, Renounce Religion


You were in an ice cave.
You worshipped Okawaru.
Okawaru was extremely pleased with you.
You visited 1 branch of the dungeon, and saw 11 of its levels.
You also visited: Ossuary and Ice Cave.

You collected 855 gold pieces.
You spent 313 gold pieces at shops.


Innate Abilities, Weirdness & Mutations

Your body is rotting away.
You thrive by killing the living.
You are immune to poison.
You have sharp fingernails.
Your flesh is cold resistant. (rC+)
You are immune to negative energy. (rN+++)
You do not regenerate when monsters are visible.
You are immune to unholy pain and torment.
You can survive without breathing.


   Skills:
 + Level 10.4 Fighting
 + Level 7.9 Throwing
 - Level 4.0 Dodging
 + Level 8.4 Shields
 * Level 14.2 Unarmed Combat


You had 11 spell levels left.
You didn't know any spells.
Your spell library contained the following spells:

 Spells                   Type           Power        Failure   Level
 Magic Dart               Conj           #...         100%        1
 Blink                    Tloc           N/A          100%        2
 Call Imp                 Summ           #.......     100%        2
 Slow                     Hex            #.......     100%        2
 Confusing Touch          Hex            #.......     100%        3
 Conjure Flame            Conj/Fire      #.......     100%        3
 Gell's Gravitas          Tloc           #.........   100%        3
 Mephitic Cloud           Conj/Pois/Air  #.......     100%        3
 Petrify                  Tmut/Erth      #.......     100%        4
 Metabolic Englaciation   Hex/Ice        #.........   100%        5
 Yara's Violent Unravell  Hex/Tmut       #.........   100%        5
 Beastly Appendage        Tmut           Unusable     N/A         1
 Wereblood                Tmut           Unusable     N/A         2
 Spider Form              Tmut/Pois      Unusable     N/A         3
 Ice Form                 Ice/Tmut       Unusable     N/A         4
 Blade Hands              Tmut           Unusable     N/A         5

Inventory:

Missiles
 d - 7 throwing nets {=f}
 I - 15 silver javelins (quivered)
Armour
 p - a +0 tower shield (worn)
 z - the cursed +0 plate armour of Parlour Games (worn) {rElec Slay+2 Stlth+}
   (You found it on level 4 of the Dungeon)

   It affects your accuracy and damage with ranged weapons and melee attacks
   (+2).
   It insulates you from electricity.
   It makes you more stealthy.
   It has a curse placed upon it.
 F - the +1 helmet "Zaokai Fuhi" (worn) {rElec Int+2 Dex-3}
   (You found it on level 6 of the Dungeon)

   It affects your intelligence (+2).
   It affects your dexterity (-3).
   It insulates you from electricity.
 K - a +2 cloak (worn)
 V - a +0 pair of gloves (worn)
Jewellery
 s - a +6 ring of strength (left hand)
 v - an uncursed ring of see invisible
 C - a ring of protection from cold (right hand) {=R}
 D - a +6 ring of dexterity
 L - an uncursed ring of flight
 U - an amulet of reflection (around neck)
Wands
 w - a wand of random effects (17)
 y - a wand of flame (43)
 M - a wand of acid (10)
 O - a wand of enslavement (13)
 T - a wand of digging (6)
Scrolls
 a - 3 scrolls of amnesia
 b - 3 scrolls of identify {@r1}
 e - 12 scrolls of remove curse {@r2}
 i - a scroll of noise {unknown}
 l - a scroll of fog {unknown}
 m - 4 scrolls of enchant armour
 n - 3 scrolls of immolation {unknown}
 r - 3 scrolls of fear {unknown}
 t - 4 scrolls of enchant weapon {unknown}
 A - 2 scrolls of blinking {unknown}
 N - a scroll of random uselessness {unknown}
 P - a scroll of vulnerability {unknown}
 R - a scroll of torment {unknown}
 S - 5 scrolls of magic mapping {unknown}
 W - a scroll of brand weapon {unknown}
Potions
 c - 2 potions of heal wounds {unknown}
 f - a potion of resistance
 g - 2 potions of ambrosia
 h - 4 potions of curing {@q1}
 j - 2 potions of haste {unknown}
 o - a potion of mutation
 q - 5 potions of berserk rage {!q}
 u - 5 potions of brilliance
 x - a potion of lignification {unknown}
 B - 2 potions of degeneration {unknown}
 E - 3 potions of flight {unknown}
 G - a potion of magic {unknown}
 H - 2 potions of attraction {unknown}
 J - 2 potions of invisibility {unknown}
 Q - a potion of cancellation {unknown}

Dungeon Overview and Level Annotations

Branches:
Dungeon (11/15)            Temple (0/1) D:6            Lair (0/6) D:8
    Orc (0/2) D:10        Ossuary (visited)           IceCv (1/1)

Altars:
Ashenzari
Okawaru
Qazlal
Trog
Yredelemnul

Shops:
D:5 **=:*   D:8 *

Annotations:
D:9 2 transporters, kd29's ghost, novice GrEE
D:10 3 runed translucent doors, om's ghost, journeyman MiBe

}# $. ###. ##### ##...
###.†.#### #....
##...#....###
#..h###..####.....##
#Y.h##..#####.....###
###†Y###.#.#####....##
#..###C@.⌠.# ##....##
###.#Y#...## ###..†##
##h###### #########..#
### ###....##†..##
###...#....####
###....#######
##...#### ## ####...##
###. #.....## ###..#


You could see a frost giant, a polar bear and a yak.


Message History

You hit the frost giant.
The frost giant is severely wounded.
The frost giant hits you with a +0 battleaxe of freezing!!
The frost giant freezes you.
You punch the frost giant!
The frost giant is severely wounded.
You punch the frost giant!
The frost giant is severely wounded.
The frost giant hits you with a +0 battleaxe of freezing!!
* * * LOW HITPOINT WARNING * * *
You pummel the frost giant!!
The frost giant is almost dead.
The frost giant casts a spell at you. The bolt of cold hits you! You resist.
* * * LOW HITPOINT WARNING * * *
The frost giant gestures at you while chanting.
The bolt of cold hits you! You resist.
* * * LOW HITPOINT WARNING * * *
Okay, then.
You feel better.
You barely miss the frost giant.
The frost giant is almost dead.
The frost giant points at you and mumbles some strange words.
The bolt of cold hits you! You resist.
* * * LOW HITPOINT WARNING * * *
You hit the frost giant but do no damage.
The frost giant is almost dead.
The frost giant gestures at you while chanting.
The bolt of cold hits you! You resist.
You die...

Skill      XL: |  1  2  3  4  5  6  7  8  9 10 11 12 |
---------------+-------------------------------------+-----
Throwing       | 2 3 4 5 6 7 |  7.9
Dodging        | 3 4 |  4.0
Unarmed Combat | 4 5 6 8 9 11 13 14 | 14.2
Fighting       | 3 4 5 6 8 9 10 | 10.4
Shields        | 1 2 3 5 6 7 8 |  8.4

Action                   |  1- 3 |  4- 6 |  7- 9 | 10-12 || total
-------------------------+-------+-------+-------+-------++-------
Melee: Unarmed           |   118 |   234 |   379 |   821 ||  1552
       Punch             |     1 |     1 |       |       ||     2
Throw: Throwing net      |     4 |     3 |       |       ||     7
  Use: Scroll            |       |     5 |     5 |     5 ||    15
       Potion            |       |     1 |       |     2 ||     3
Armor: Leather armour    |    20 |    29 |       |       ||    49
       Chain mail        |       |    49 |    13 |       ||    62
       Plate armour      |       |       |   130 |   294 ||   424
Dodge: Dodged            |    65 |    95 |    28 |    73 ||   261
Block: Tower shield      |       |    90 |   222 |   701 ||  1013
       Reflection        |       |       |       |     3 ||     3

Levels and vault maps discovered:
D:1:      dpeg_arrival_rooms_with_view, layout_basic, chequers_jeans,
          hangedman_decor_points
D:2:      layout_loops_ring
D:3:      layout_basic, chequers_temple_overflow_statue_of_worship, uniq_jessica
D:4:      layout_cave_pools, minivault_19, uniq_ijyb, uniq_duvessa
D:5:      layout_basic, serial_shops, kennysheep_little_box,
          nicolae_shop_statue_plus, kennysheep_mini_moat, shop,
          nicolae_shop_temple_entry_statues_fountains,
          nicolae_ossuary_entry_ruins, uniq_pikel, uniq_edmund
D:6:      layout_cave_pools, nicolae_overflow_crystal_walls, old_standard_altar,
          minmay_temple_entry_grid, water_boxes_lemuel, uniq_blork_the_orc
D:7:      layout_loops_ring
D:8:      layout_basic, lair_entry_dummy, serial_shops, shop, trog_wizard
D:9:      layout_long_grid, gammafunk_ghost_arena, solitary_fountain,
          chequers_serial_rivers_large_a, okawaru_metal_pillars_3, uniq_harold
D:10:     layout_cave_pools, zombieorc2_lemuel, gammafunk_ghost_hydra_chop,
          uniq_fannar
D:11:     layout_stronghold, portal_ice_cave_rime, serial_shops, shop,
          uniq_psyche
IceCv:    ice_cave_caverns_01

Notes
Turn   | Place    | Note
-------+----------+-------------------------------------------
     0 | D:1      | xzight the Ghoul Gladiator began the quest for the Orb.
     0 | D:1      | Reached XP level 1. HP: 17/17 MP: 0/0
   223 | D:1      | Reached XP level 2. HP: 10/25 MP: 1/1
   462 | D:1      | Reached skill level 2 in Throwing
   883 | D:1      | Reached XP level 3. HP: 30/30 MP: 2/2
  1501 | D:2      | Reached skill level 3 in Dodging
  1569 | D:2      | Reached skill level 4 in Unarmed Combat
  1846 | D:2      | Reached XP level 4. HP: 30/37 MP: 3/3
  1887 | D:2      | HP: 3/37 [adder (2)]
  1892 | D:2      | Reached skill level 3 in Fighting
  2308 | D:2      | Reached XP level 5. HP: 42/45 MP: 4/4
  2998 | D:3      | Noticed Jessica
  3017 | D:3      | Killed Jessica
  3064 | D:3      | Found a basalt altar of Yredelemnul.
  3068 | D:3      | Found a stormy altar of Qazlal.
  3281 | D:3      | Reached skill level 5 in Unarmed Combat
  3548 | D:3      | Reached XP level 6. HP: 37/51 MP: 5/5
  3862 | D:4      | Reached skill level 1 in Shields
  3870 | D:4      | Noticed Ijyb
  3883 | D:4      | Killed Ijyb
  3884 | D:4      | Reached skill level 3 in Throwing
  4015 | D:4      | Noticed Duvessa
  4017 | D:4      | Noticed Dowan
  4146 | D:4      | Killed Duvessa
  4264 | D:4      | Killed Dowan
  4265 | D:4      | Reached XP level 7. HP: 58/58 MP: 6/6
  4314 | D:4      | Reached skill level 4 in Fighting
  4350 | D:4      | Reached skill level 4 in Dodging
  4350 | D:4      | Reached skill level 2 in Shields
  4350 | D:4      | Reached skill level 6 in Unarmed Combat
  4596 | D:4      | Reached XP level 8. HP: 64/67 MP: 7/7
  4804 | D:4      | Got a smelly plate armour
  4805 | D:4      | Identified the cursed +0 plate armour of Parlour Games
                  | {rElec Slay+2 Stlth+} (You found it on level 4 of the
                  | Dungeon)
  4838 | D:5      | Entered Level 5 of the Dungeon
  4851 | D:5      | Found Uxoim's Assorted Antiques.
  4949 | D:5      | Found Qec Uhur's Jewellery Boutique.
  4951 | D:5      | Noticed Pikel
  4968 | D:5      | Killed Pikel
  4969 | D:5      | Reached skill level 5 in Fighting
  4969 | D:5      | Reached skill level 4 in Throwing
  4969 | D:5      | Reached skill level 3 in Shields
  4969 | D:5      | Reached skill level 7 in Unarmed Combat
  5055 | D:5      | Found Pestrola's Assorted Antiques.
  5103 | D:5      | Found Baf Urr's General Store.
  5111 | D:5      | Noticed Edmund
  5135 | D:5      | Killed Edmund
  5136 | D:5      | Reached skill level 8 in Unarmed Combat
  5164 | D:5      | Reached XP level 9. HP: 26/75 MP: 8/8
  5424 | D:5      | Found a sand-covered staircase.
  5438 | D:5      | Reached skill level 4 in Shields
  5440 | Ossuary  | Entered an ossuary
  5584 | Ossuary  | Reached skill level 6 in Fighting
  5584 | Ossuary  | Reached skill level 5 in Throwing
  5837 | Ossuary  | Reached skill level 9 in Unarmed Combat
  5976 | D:5      | Found Moiriux's Book Shoppe.
  6173 | D:5      | Identified a potion of resistance
  6190 | D:6      | Found a staircase to the Ecumenical Temple.
  6444 | D:6      | Found a broken altar of Ashenzari.
  6593 | D:6      | Found an iron altar of Okawaru.
  6639 | D:6      | Noticed Blork the orc
  6650 | D:6      | Killed Blork the orc
  6672 | D:6      | Got an ancient helmet
  6837 | D:6      | Became a worshipper of Warmaster Okawaru
  7096 | D:7      | Reached * piety under Okawaru
  7097 | D:7      | Reached skill level 5 in Shields
  7138 | D:7      | Reached XP level 10. HP: 84/84 MP: 9/9
  7163 | D:7      | Reached skill level 7 in Fighting
  7163 | D:7      | Reached skill level 10 in Unarmed Combat
  7695 | D:8      | Reached skill level 6 in Throwing
  7979 | D:8      | Reached ** piety under Okawaru
  8012 | D:8      | Found Iropsoek's Assorted Antiques.
  8032 | D:8      | Found a bloodstained altar of Trog.
  8033 | D:8      | Noticed a wizard
  8038 | D:8      | Killed a wizard
  8055 | D:8      | Found a staircase to the Lair.
  8469 | D:5      | Bought a pair of buzzing boots for 313 gold pieces
  8469 | D:5      | Identified the +1 helmet "Zaokai Fuhi" {rElec Int+2 Dex-3}
                  | (You found it on level 6 of the Dungeon)
  8475 | D:5      | Identified the cursed +0 pair of boots "Piuntoutt" {*Contam
                  | rF- Int+5 Dex+3} (You bought it in a shop on level 5 of the
                  | Dungeon)
  8580 | D:9      | Noticed Harold
  8615 | D:9      | Killed Harold
  8616 | D:9      | Reached skill level 11 in Unarmed Combat
  8912 | D:9      | Reached skill level 8 in Fighting
  8967 | D:9      | Reached skill level 6 in Shields
  9073 | D:9      | Found an iron altar of Okawaru.
  9228 | D:9      | Found a transporter.
  9239 | D:9      | Noticed kd29's ghost (novice GrEE)
  9240 | D:9      | Found a transporter.
  9242 | D:9      | Noticed a catoblepas
  9397 | D:9      | Reached *** piety under Okawaru
  9471 | D:9      | Noticed a two-headed ogre
  9478 | D:9      | Killed a two-headed ogre
  9478 | D:9      | Received a gift from Okawaru
  9479 | D:9      | Reached XP level 11. HP: 61/95 MP: 10/10
  9754 | D:9      | Reached skill level 12 in Unarmed Combat
  9958 | D:10     | Entered Level 10 of the Dungeon
 10388 | D:10     | Received a gift from Okawaru
 10389 | D:10     | Reached skill level 9 in Fighting
 10572 | D:10     | Noticed Fannar
 10613 | D:10     | Killed Fannar
 10614 | D:10     | Reached skill level 7 in Shields
 10690 | D:10     | Found a staircase to the Orcish Mines.
 11077 | D:10     | Found a runed translucent gate.
 11077 | D:10     | Found a runed translucent gate.
 11079 | D:10     | Found a runed translucent gate.
 11079 | D:10     | Noticed a ten-headed hydra
 11079 | D:10     | Noticed om's ghost (journeyman MiBe)
 11272 | D:11     | Noticed an unseen horror
 11284 | D:11     | Killed an unseen horror
 11284 | D:11     | Reached **** piety under Okawaru
 11314 | D:11     | Noticed a red ugly thing
 11319 | D:11     | Killed a red ugly thing
 11362 | D:11     | Found a frozen archway.
 11364 | D:11     | Reached skill level 13 in Unarmed Combat
 11379 | IceCv    | Entered an ice cave
 11457 | IceCv    | Reached skill level 7 in Throwing
 11494 | IceCv    | Reached ***** piety under Okawaru
 11660 | IceCv    | Reached XP level 12. HP: 82/106 MP: 11/11
 11775 | IceCv    | Received a gift from Okawaru
 11966 | IceCv    | Reached skill level 10 in Fighting
 11996 | IceCv    | Reached skill level 8 in Shields
 12166 | IceCv    | Received a gift from Okawaru
 12182 | IceCv    | Noticed a death yak
 12213 | IceCv    | Killed a death yak
 12216 | IceCv    | Reached skill level 14 in Unarmed Combat
 12251 | IceCv    | Received a gift from Okawaru
 12320 | IceCv    | Noticed a frost giant
 12536 | IceCv    | HP: 7/107 [frost giant/bolt of cold (9)]
 12539 | IceCv    | Killed from afar by a frost giant

Vanquished Creatures
  Harold (D:9)
  Fannar (D:10)
  A two-headed ogre (D:9)
  A death yak (IceCv)
  An unseen horror (D:11)
  Pikel (D:5)
  An ugly thing (D:11)
  An ice statue (IceCv)
  2 rime drakes (D:11)
  A hornet (D:9)
  15 polar bears (IceCv)
  A shadow (D:10)
  20 yaks
  A wyvern (D:10)
  Edmund (D:5)
  Duvessa (D:4)
  3 sky beasts
  7 ice beasts
  2 orc warriors
  2 phantoms
  6 ogres
  16 wolves (IceCv)
  8 centaurs
  4 big kobolds
  2 elf zombies (Ossuary)
  Blork the orc (D:6)
  5 bullfrogs
  Dowan (D:4)
  2 troll zombies (D:10)
  5 scorpions
  8 killer bees
  8 howler monkeys
  A centaur zombie (Ossuary)
  2 human zombies (Ossuary)
  A jelly (D:6)
  A bullfrog zombie (D:9)
  3 orc priests (D:10)
  2 centaur skeletons
  14 hounds
  2 bullfrog skeletons
  Jessica (D:3)
  4 iguanas
  Ijyb (D:4)
  6 orc wizards
  10 worker ants
  3 big kobold zombies (Ossuary)
  6 ogre zombies (D:10)
  A hound skeleton (D:7)
  2 mummies (Ossuary)
  A worker ant zombie (D:9)
  11 adders
  7 gnolls
  A howler monkey skeleton (D:6)
  2 shadow imps
  3 ufetubi
  An adder zombie (D:5)
  2 adder skeletons
  A dart slug (D:1)
  5 worms
  4 leopard geckos
  23 orcs
  A ball python (D:7)
  6 giant cockroaches
  10 goblins
  9 hobgoblins
  4 jackals (D:2)
  5 quokkas
  9 bats
  6 frilled lizards
  4 goblin zombies
  A hobgoblin skeleton (D:10)
  12 hobgoblin zombies
  A jackal skeleton (D:5)
  2 jackal zombies (Ossuary)
  30 kobolds
  11 kobold zombies (Ossuary)
  A leopard gecko skeleton (D:9)
  5 orc skeletons (D:10)
  18 orc zombies
  5 rats
391 creatures vanquished.

Vanquished Creatures (others)
  A wizard (D:8)
  A polar bear (IceCv)
  2 plants (D:10)
4 creatures vanquished.

Grand Total: 395 creatures vanquished

Table legend: (Time is in decaauts)
 A = Elapsed time spent in this place.
 B = Non-inter-level travel time spent in this place.
 C = Inter-level travel time spent in this place.
 D = Time resting spent in this place.
 E = Time spent auto-exploring this place.
 F = Levels seen in this place.
 G = Mean time per level.
                   A        B        C        D        E       F      G
               +--------+--------+--------+--------+--------+-----+--------+
         Total |  12442 |  11962 |    480 |   3329 |   5817 |  13 |  957.1 |
       Dungeon |  10849 |  10369 |    480 |   2629 |   5445 |  11 |  986.3 |
       Ossuary |    475 |    475 |      0 |    205 |    106 |   1 |  475.0 |
      Ice Cave |   1117 |   1117 |      0 |    495 |    266 |   1 | 1117.0 |
               +--------+--------+--------+--------+--------+-----+--------+

Top non-repeatable levels by time:
     D:1: 1692 daAuts
     D:2: 1410 daAuts
     D:9: 1226 daAuts
    D:10: 1147 daAuts
   IceCv: 1117 daAuts
     D:3: 1071 daAuts
     D:8: 1065 daAuts
     D:5: 957 daAuts
     D:7: 797 daAuts
     D:6: 701 daAuts
     D:4: 658 daAuts
 Ossuary: 475 daAuts
    D:11: 121 daAuts

Table legend:
 A = Non-vault XP
 B = Vault XP
 C = Vault XP percentage of total XP
 D = Non-vault monster count
 E = Vault monster count
 F = Vault count percentage of total count
                 A         B        C        D         E       F
            +---------+---------+-------+---------+---------+-------
      Total |   11602 |   15641 |  57.4 |     257 |     134 |  34.3
            +---------+---------+-------+---------+---------+-------
        D:1 |      41 |       3 |   6.8 |      25 |       2 |   7.4
        D:2 |     192 |       0 |   0.0 |      34 |       0 |   0.0
        D:3 |      63 |      37 |  37.0 |      13 |       1 |   7.1
        D:4 |     603 |     261 |  30.2 |      13 |       3 |  18.8
        D:5 |     879 |     822 |  48.3 |      28 |       2 |   6.7
        D:6 |     406 |      94 |  18.8 |       8 |       1 |  11.1
        D:7 |    1361 |       0 |   0.0 |      36 |       0 |   0.0
        D:8 |    1056 |       0 |   0.0 |      19 |       0 |   0.0
        D:9 |    2885 |    1034 |  26.4 |      41 |       1 |   2.4
       D:10 |    2500 |    1728 |  40.9 |      33 |      36 |  52.2
       D:11 |    1616 |     737 |  31.3 |       7 |       2 |  22.2
    Ossuary |       0 |     479 | 100.0 |       0 |      39 | 100.0
      IceCv |       0 |   10446 | 100.0 |       0 |      47 | 100.0
            +---------+---------+-------+---------+---------+-------
